 Dungeon Crawl Stone Soup version 0.23.2-1-ga50397a6bc (webtiles) character file.

Game seed: 3116237779307400872

273 Mrkan the Poker (level 6, -7/32 HPs)
             Began as a Vine Stalker Fighter on May 14, 2019.
             Mangled by an orc warrior
             ... wielding a +0 battleaxe
              (12 damage)
             ... on level 3 of the Dungeon.
             The game lasted 00:07:26 (2324 turns).

Mrkan the Poker (Vine Stalker Fighter)              Turns: 2324, Time: 00:07:27

Health: -7/32      AC: 10    Str: 21    XL:     6   Next: 24%
Magic:  0/7        EV:  7    Int:  8    God:
Gold:   95         SH:  9    Dex: 16    Spells: 5/5 levels left

rFire    . . .     SeeInvis +   a - +0 trident
rCold    . . .     Gourm    .   c - +0 shield
rNeg     . . .     Faith    .   b - +0 scale mail
rPois    .         Spirit   +   p - +0 helmet {SInv}
rElec    .         Reflect  .   (no cloak)
rCorr    .         Harm     .   (no gloves)
MR       .....                  (no boots)
Stlth    ..........             (no amulet)
HPRegen  0.50/turn              k - +3 ring of strength
MPRegen  0.10/turn              n - +3 ring of protection

@: no status effects
A: fangs 2, regeneration 1, magic shield, antimagic bite, no potion heal 3, rot
immunity
a: no special abilities


You were on level 3 of the Dungeon.
You were very hungry.

You visited 1 branch of the dungeon, and saw 3 of its levels.

You collected 95 gold pieces.

Inventory:

Hand Weapons
 a - a +0 trident (weapon)
 r - a +0 fustibalus
Armour
 b - a +0 scale mail (worn)
 c - a +0 shield (worn)
 p - a +0 helmet of see invisible (worn)
 q - a +0 chain mail
Jewellery
 k - a +3 ring of strength (left hand)
 n - a +3 ring of protection (right hand)
Wands
 u - a wand of polymorph (5)
Scrolls
 e - 2 scrolls of remove curse {unknown}
 i - 3 scrolls of identify
 j - a scroll of random uselessness {unknown}
 l - 2 scrolls of teleportation {unknown}
 o - a scroll of fog {unknown}
 t - a scroll of enchant weapon {unknown}
 v - 3 scrolls of amnesia {unknown}
Potions
 d - a potion of might
 g - 2 potions of brilliance {unknown}
 h - 2 potions of heal wounds {unknown}
 m - a potion of magic {unknown}
 s - a potion of curing {unknown}
Comestibles
 f - 6 rations


   Skills:
 + Level 3.5 Fighting
 * Level 5.2 Polearms
 - Level 2.4 Armour
 - Level 0.2 Dodging
 + Level 0.2 Stealth
 - Level 2.6 Shields


You had 5 spell levels left.
You didn't know any spells.
Your spell library was empty.

Dungeon Overview and Level Annotations

Branches:
Dungeon (3/15)

Altars:


Innate Abilities, Weirdness & Mutations

You have extremely sharp teeth.
Your natural rate of healing is unusually fast.
When hurt, damage is shared between your health and your magic reserves.
Your bite disrupts and absorbs the magic of your enemies.
Potions cannot restore your health.
You are immune to rotting.


Message History

The orc shouts!
You hear a shout!
The orc priest calls down the wrath of Beogh upon you.
Beogh smites you!
The orc warrior hits you with a +0 battleaxe!
* * * LOW HITPOINT WARNING * * *
An orc priest comes into view. It is wielding a +0 hand axe.
The orc priest shouts!
The orc priest looks satisfied for a moment.
The orc priest invokes the aid of Beogh against you.
Beogh smites you!
* * * LOW HITPOINT WARNING * * *
You see here a rat corpse.
The orc priest looks encouraged for a moment.
You see here 21 sling bullets.
You see here a rat corpse.
There is a stone staircase leading down here.
You hit the orc warrior. Your bite misses the orc warrior.
The orc warrior is lightly wounded.
The orc warrior hits you with a +0 battleaxe!
You die...

#......#######.# ##.##
#......# #.# #.# ##.. #.# #.#
#.# ##>###.#######.#### #.#
...#).(...........###### #.#
........###............# #.#
..................####.# #.#
........#.)#####..# ##.## #(#
......##...#####@.###.#.####.#
.....#.#..##.o†o.....###.....#
...##.#....†.###..###.#.####.#
..#.##....o.......####.## #.#
##.#.#...............#.# #.#
.##)#.............##.#.# #.#
..##...o..#######.##.#.## #.#
..........#### #.##....####.#
.............. ..##......##.#


You could see an orc warrior, an orc priest and an orc.

Vanquished Creatures
  3 orc priests (D:3)
  Robin (D:2)
  7 adders
  A shadow imp (D:3)
  3 worms
  A dart slug (D:2)
  A leopard gecko (D:1)
  7 orcs (D:3)
  5 giant cockroaches
  9 goblins
  13 hobgoblins
  3 quokkas
  2 ball pythons
  12 bats
  7 frilled lizards
  9 kobolds
  7 rats
91 creatures vanquished.

Notes
Turn   | Place    | Note
-------+----------+-------------------------------------------
     0 | D:1      | Mrkan the Vine Stalker Fighter began the quest for the Orb.
     0 | D:1      | Reached XP level 1. HP: 11/11 MP: 2/2
    66 | D:1      | Reached skill level 2 in Polearms
   128 | D:1      | Reached XP level 2. HP: 16/16 MP: 3/3
   517 | D:1      | Reached XP level 3. HP: 20/20 MP: 4/4
   736 | D:2      | Reached skill level 3 in Polearms
  1072 | D:2      | Gained mutation: Your natural rate of healing is unusually
                  | fast. [Vine Stalker growth]
  1072 | D:2      | Reached XP level 4. HP: 18/24 MP: 5/5
  1389 | D:2      | Noticed Robin
  1407 | D:2      | Killed Robin
  1493 | D:2      | Reached XP level 5. HP: 28/28 MP: 6/6
  1686 | D:2      | Reached skill level 4 in Polearms
  1998 | D:3      | Reached skill level 5 in Polearms
  1998 | D:3      | Reached XP level 6. HP: 10/32 MP: 7/7
  2308 | D:3      | Noticed an orc warrior
  2324 | D:3      | Mangled by an orc warrior

Skill      XL: |  1  2  3  4  5 |
---------------+----------------+-----
Polearms       | 2 3 5 |  5.2
Fighting       | 3 |  3.5
Armour         | |  2.4
Dodging        | |  0.2
Stealth        | |  0.2
Shields        | |  2.6

Action                   |  1- 3 |  4- 6 || total
-------------------------+-------+-------++-------
Melee: Trident           |   127 |   156 ||   283
       Bite              |    25 |    53 ||    78
  Use: Scroll            |       |     3 ||     3
  Eat: Chunk             |       |     4 ||     4
Armor: Scale mail        |    71 |    64 ||   135
Dodge: Dodged            |    48 |    40 ||    88
Block: Shield            |    69 |    78 ||   147
